 Dungeon Crawl Stone Soup version 0.23-a0-677-g07611c5 (webtiles) character file.

75 Anarax the Chopper (level 4, 0/40 HPs)
             Began as a Hill Orc Fighter on Jan 9, 2019.
             Slain by a ball python (1 damage)
             ... on level 3 of the Dungeon.
             The game lasted 00:13:45 (1112 turns).

Anarax the Chopper (Hill Orc Fighter)               Turns: 1112, Time: 00:13:48

Health: 0/40       AC:  5    Str: 18    XL:     4   Next: 31%
Magic:  4/4        EV:  5    Int:  8    God:
Gold:   44         SH: 10    Dex: 11    Spells: 3/3 levels left

rFire    . . .     SeeInvis .   a - +1 war axe
rCold    . . .     Gourm    .   c - +1 shield
rNeg     . . .     Faith    .   s - +0 leather armour
rPois    .         Spirit   .   h - +0 helmet
rElec    .         Reflect  .   y - +0 cloak
rCorr    .         Harm     .   (no gloves)
MR       .....                  (no boots)
Stlth    +.........             (no amulet)
HPRegen  0.13/turn              (no ring)
MPRegen  0.09/turn              (no ring)

@: lethally poisoned (0 -> -2), constricted
A: no striking features
a: no special abilities


You were on level 3 of the Dungeon.
You were hungry.

You visited 1 branch of the dungeon, and saw 3 of its levels.

You collected 44 gold pieces.

Inventory:

Hand Weapons
 a - a +1 war axe (weapon)
 i - a +0 short sword
 j - a +0 club
 r - a +0 hunting sling
 t - a +0 dagger
 w - a +0 short sword
 x - a +0 club
Missiles
 p - 20 arrows
Armour
 b - a +0 scale mail
 c - a +1 shield (worn)
 h - a +0 helmet (worn)
 s - a +0 leather armour (worn)
 y - a +0 cloak (worn)
Scrolls
 l - a scroll of amnesia
 q - a scroll of fog
Potions
 e - 2 potions of cancellation
 g - a potion of lignification
 u - a potion of might
Comestibles
 f - 7 rations


   Skills:
 + Level 4.1 Fighting
 + Level 4.4 Axes
 + Level 3.7 Armour
 + Level 0.2 Dodging
 + Level 0.3 Stealth
 + Level 3.7 Shields


You had 3 spell levels left.
You didn't know any spells.
Your spell library was empty.

Dungeon Overview and Level Annotations

Branches:
Dungeon (3/15)

Altars:

Portals:
Sewer: D:3


Message History

You hear the slow rusting of a drain.
You block the river rat's attack.
The river rat bites you but does no damage.
You hit the river rat.
The river rat is severely wounded.
You feel sick. The river rat bites you.
* * * LOW HITPOINT WARNING * * *
You slash the river rat!
You kill the river rat!
You block the ball python's attack. The ball python misses you.
* * * LOW HITPOINT WARNING * * *
You feel sick. The rat bites you but does no damage.
As you read the scroll of identify, it crumbles to dust.
g - a potion of lignification The ball python bites you but does no damage.
The ball python grabs you. The ball python constricts you.
You block the rat's attack.
The ball python bites you but does no damage.
You die...

.≈≈≈≈∩#
.≈≈≈≈# ≈≈≈≈#
≈≈≈# .≈# #†#
#.# #.####S#
#.....@#
#####r##
...########.#
.........)..#
#..####.#####
#.# #.# #.#
#.#


You could see a ball python and a rat.

Vanquished Creatures
  A river rat (D:3)
  2 adders
  An ooze (D:3)
  3 dart slugs
  A leopard gecko (D:1)
  An orc (D:3)
  A ball python (D:3)
  3 bats
  2 giant cockroaches (D:2)
  3 goblins (D:1)
  3 hobgoblins
  3 jackals (D:1)
  6 frilled lizards
  4 kobolds
  5 rats
39 creatures vanquished.

Notes
Turn   | Place    | Note
-------+----------+-------------------------------------------
     0 | D:1      | Anarax the Hill Orc Fighter began the quest for the Orb.
     0 | D:1      | Reached XP level 1. HP: 19/19 MP: 1/1
   117 | D:1      | Reached XP level 2. HP: 27/27 MP: 2/2
   303 | D:1      | Reached XP level 3. HP: 19/33 MP: 3/3
  1088 | D:3      | Found a glowing drain.
  1101 | D:3      | Reached XP level 4. HP: 17/40 MP: 4/4
  1108 | D:3      | HP: 1/40 [river rat (4)]
  1112 | D:3      | Slain by a ball python

Vault maps used:
D:1:      matt_arrival_refuge, due_unseen_surprise
D:2:      minivault_24, uniq_crazy_yiuf_cottage
D:3:      wad_river_or_something, lemuel_coloured_pillars_altar,
          portal_sewer_entry_b

Skill      XL: |  1  2  3 |
---------------+----------+-----
Axes           | 3 4 |  4.4
Fighting       | 4 |  4.1
Armour         | |  3.7
Dodging        | |  0.2
Stealth        | |  0.3
Shields        | |  3.7

Action                   |  1- 3 |  4- 6 || total
-------------------------+-------+-------++-------
Melee: War axe           |    81 |     8 ||    89
  Use: Scroll            |     7 |     1 ||     8
       Potion            |     1 |       ||     1
Armor: Scale mail        |    47 |       ||    47
       Leather armour    |     6 |     6 ||    12
Dodge: Dodged            |    37 |     3 ||    40
Block: Shield            |    70 |     5 ||    75

Table legend:
 A = Non-vault XP
 B = Vault XP
 C = Vault XP percentage of total XP
 D = Non-vault monster count
 E = Vault monster count
 F = Vault count percentage of total count
                 A         B        C        D         E       F
            +---------+---------+-------+---------+---------+-------
      Total |      93 |      15 |  13.9 |      37 |       2 |   5.1
            +---------+---------+-------+---------+---------+-------
        D:1 |      39 |       0 |   0.0 |      22 |       0 |   0.0
        D:2 |      28 |       0 |   0.0 |      10 |       0 |   0.0
        D:3 |      26 |      15 |  36.6 |       5 |       2 |  28.6
            +---------+---------+-------+---------+---------+-------
